 Dungeon Crawl Stone Soup version 0.20.1-1-g8b1a95d (webtiles) character file.

1356 Monsterracer the Slinger (level 8, -4/54 HPs)
             Began as a Halfling Arcane Marksman on Aug 31, 2017.
             Was an Initiate of Okawaru.
             Killed by divine providence
             ... invoked by an orc priest
              (11 damage)
             ... on level 6 of the Dungeon.
             The game lasted 00:17:23 (7177 turns).

Monsterracer the Slinger (Halfling Arcane Marksman) Turns: 7177, Time: 00:17:24

Health: -4/54      AC: 10    Str: 13    XL:     8   Next: 95%
Magic:  18/18      EV: 13    Int: 11    God:    Okawaru [......]
Gold:   354        SH:  0    Dex: 15    Spells: 6/9 levels left

rFire    . . .     SeeInvis .   a - +2 hunting sling (flame)
rCold    . . .     Gourm    .   (shield restricted)
rNeg     . . .     Faith    .   s - +0 scale mail
rPois    .         Spirit   .   t - +0 helmet
rElec    .         Reflect  .   w - +0 cloak
rCorr    .         Harm     .   (no gloves)
MR       .....                  i - +0 pair of boots
Stlth    ..........             A - amulet of inaccuracy (curse)
Regen    0.2/turn               (no ring)
MPRegen  0.2/turn               x - ring of magical power

@: no status effects
A: mutation resistance 1
a: Renounce Religion


You were on level 6 of the Dungeon.
You worshipped Okawaru.
Okawaru was noncommittal.
You were not hungry.

You visited 2 branches of the dungeon, and saw 7 of its levels.

You collected 354 gold pieces.

Inventory:

Hand Weapons
 a - a +2 hunting sling of flaming (weapon)
 b - a +0 falchion
Missiles
 d - 28 sling bullets
 k - 108 stones (quivered)
Armour
 i - a +0 pair of boots (worn)
 l - a +0 chain mail
 q - a +0 buckler
 s - a +0 scale mail (worn)
 t - a +0 helmet (worn)
 w - a +0 cloak (worn)
Jewellery
 j - an uncursed amulet of magic regeneration
 x - a ring of magical power (right hand)
 A - a cursed amulet of inaccuracy (around neck)
Wands
 r - a wand of digging (6/24)
Scrolls
 g - a scroll of amnesia
 h - a scroll of fog
 o - 4 scrolls of magic mapping
 y - a scroll of teleportation
Potions
 c - a potion of heal wounds
 e - 2 potions of agility
 m - a potion of lignification
 n - 3 potions of curing
 z - a potion of magic
Comestibles
 f - 6 bread rations
 p - 5 meat rations
 u - 4 royal jellies
 v - 7 fruits


   Skills:
 + Level 4.1 Fighting
 * Level 4.9 Long Blades
 * Level 9.0 Slings
 + Level 3.1 Armour
 + Level 4.2 Dodging
 + Level 0.0 Shields
 - Level 1.0 Spellcasting
 - Level 2.4 Hexes
 + Level 0.2 Invocations


You had 6 spell levels left.
You knew the following spells:

 Your Spells              Type           Power        Failure   Level  Hunger
b - Portal Projectile     Hex/Tloc       #.....       95%         3    ####...


Dungeon Overview and Level Annotations

Branches:
Dungeon (6/15)             Temple (1/1) D:6

Altars:
Cheibriados
Dithmenos
Elyvilon
Fedhas
Gozag
Kikubaaqudgha
Makhleb
Nemelex Xobeh
Okawaru
Qazlal
Ru
Sif Muna
Trog
Uskayaw
Vehumet
Xom
Zin
The Shining One


Innate Abilities, Weirdness & Mutations

You are small and have problems with some larger weapons.
You are somewhat resistant to further mutation.


Message History

Aim: an orc warrior, wielding a mace and wearing a plate armour You shoot a stone.
The stone closely misses the orc warrior.
Firing (i - inventory. (,) - cycle):
k - 109 stones (quivered)
Press: ? - help, Shift-Dir - straight line, f/p - orc warrior
Aim: an orc warrior, wielding a mace and wearing a plate armour You shoot a stone.
The stone hits the orc warrior.
The stone burns the orc warrior.
The orc warrior is lightly wounded.
The orc warrior hits you with a mace!
* * * LOW HITPOINT WARNING * * *
Huge Dmg: -22%(-12hp) hp: 32%(17hp)
The orc priest shouts!
The orc priest mumbles some strange prayers to Beogh against you.
Beogh smites you!
* * * LOW HITPOINT WARNING * * *
Huge Dmg: -19%(-10hp) hp: 13%(7hp)
The orc priest mumbles some strange prayers to Beogh against you.
Beogh smites you!
You die...

.P... #.......###
..... #.Y.#...o.#
..... ####.o#####.##
..... #.....## #(#
....# #......####)##
....# .......##o..#
..P## ###.....o####
#### #.....##
######### ##..@##
.........######).##
.....#.........)..#
....###.........).##
....###........##..##
.....##....#..####..##
#....##.......# ##..#
#............## ##.##
#............## ##.##


You could see an orc warrior, a sky beast (wandering), an orc priest and an orc.

Vanquished Creatures
  Grinder (D:3)
  Sigmund (D:4)
  The ghost of kalagan the Bolt Thrower, an amateur KoHu (D:3)
  An ice beast (D:6)
  An ogre (D:4)
  A water moccasin zombie (D:5)
  2 scorpions
  A howler monkey (D:3)
  3 crimson imps
  A hound (D:5)
  A centaur skeleton (D:4)
  An orc wizard (D:6)
  2 iguanas (D:4)
  2 worker ants (D:5)
  A hound skeleton (D:4)
  Robin (D:4)
  6 adders
  An ooze (D:3)
  An adder zombie (D:5)
  4 adder skeletons
  2 worms
  3 dart slugs
  4 leopard geckos
  9 orcs
  13 bats
  7 giant cockroaches
  18 goblins
  6 hobgoblins
  16 jackals
  5 quokkas
  A ball python (D:4)
  8 frilled lizards
  11 kobolds
  A leopard gecko skeleton (D:4)
  A quokka skeleton (D:6)
  10 rats
148 creatures vanquished.

Notes
Turn   | Place    | Note
-------+----------+-------------------------------------------
     0 | D:1      | Monsterracer the Halfling Arcane Marksman began the quest for the Orb.
     0 | D:1      | Reached XP level 1. HP: 12/12 MP: 2/2
     8 | D:1      | Reached skill level 1 in Fighting
   198 | D:1      | Reached XP level 2. HP: 18/18 MP: 3/3
   430 | D:1      | Reached skill level 4 in Slings
   612 | D:1      | Reached XP level 3. HP: 24/24 MP: 4/4
   620 | D:1      | Learned a level 3 spell: Portal Projectile
  1474 | D:2      | HP: 10/24 [adder (4)]
  1475 | D:2      | Reached XP level 4. HP: 12/29 MP: 5/5
  1660 | D:2      | Reached skill level 5 in Slings
  1988 | D:2      | Found a shadowy altar of Dithmenos.
  2198 | D:2      | Found a hide-covered altar of Uskayaw.
  2508 | D:3      | HP: 15/30 [poisoned by kobold (curare-tipped needle)]
  2516 | D:3      | HP: 13/30 [leopard gecko (3)]
  2755 | D:3      | Reached XP level 5. HP: 27/35 MP: 6/6
  3087 | D:3      | Noticed kalagan's ghost (amateur KoHu)
  3105 | D:3      | Killed kalagan's ghost
  3105 | D:3      | Reached skill level 1 in Long Blades
  3105 | D:3      | Reached skill level 6 in Slings
  3105 | D:3      | Reached skill level 1 in Armour
  3105 | D:3      | Reached XP level 6. HP: 36/41 MP: 7/7
  3354 | D:4      | Noticed Grinder
  3356 | D:4      | Noticed Robin
  3372 | D:3      | Killed Grinder
  3372 | D:3      | Reached skill level 7 in Slings
  3372 | D:3      | Reached XP level 7. HP: 30/46 MP: 8/8
  3679 | D:4      | Killed Robin
  3689 | D:4      | HP: 21/46 [scorpion (6)]
  3694 | D:4      | HP: 16/46 [poisoned by a scorpion]
  3700 | D:4      | HP: 15/46 [poisoned by a scorpion]
  3707 | D:4      | HP: 14/46 [poisoned by a scorpion]
  3715 | D:4      | HP: 13/46 [poisoned by a scorpion]
  3786 | D:4      | HP: 19/46 [centaur skeleton (5)]
  4236 | D:4      | Noticed Sigmund
  4325 | D:4      | Killed Sigmund
  4325 | D:4      | Reached XP level 8. HP: 51/54 MP: 9/9
  4945 | D:4      | HP: 27/54 [iguana (3)]
  4954 | D:4      | Reached skill level 8 in Slings
  5311 | D:5      | Entered Level 5 of the Dungeon
  5662 | D:5      | HP: 27/54 [poisoned by a scorpion]
  5667 | D:5      | HP: 23/54 [poisoned by a scorpion]
  5673 | D:5      | HP: 20/54 [poisoned by a scorpion]
  5679 | D:5      | HP: 18/54 [poisoned by a scorpion]
  5687 | D:5      | HP: 17/54 [poisoned by a scorpion]
  5695 | D:5      | HP: 17/54 [poisoned by a scorpion]
  6604 | D:6      | Found a staircase to the Ecumenical Temple.
  6620 | Temple   | Entered the Ecumenical Temple
  6767 | Temple   | Became a worshipper of Warmaster Okawaru
  6908 | D:6      | Reached skill level 9 in Slings
  7175 | D:6      | HP: 17/54 [orc warrior/mace (12)]
  7176 | D:6      | HP: 7/54 [orc priest/divine providence (10)]
  7177 | D:6      | Killed from afar by an orc priest

Skill      XL: |  1  2  3  4  5  6  7  8 |
---------------+-------------------------+-----
Fighting       | 1 2 3 4 |  4.1
Slings         | 4 5 6 7 9 |  9.0
Long Blades    | 1 2 3 4 |  4.9
Armour         | 1 2 3 |  3.1
Dodging        | 3 4 |  4.2
Spellcasting   | |  1.0
Hexes          | |  2.4
Invocations    | |  0.2

Action                   |  1- 3 |  4- 6 |  7- 9 || total
-------------------------+-------+-------+-------++-------
Melee: Short sword       |   148 |   184 |       ||   332
       Falchion          |       |       |   460 ||   460
 Fire: Hunting sling     |     5 |    23 |   119 ||   147
 Cast: Corona            |     2 |       |       ||     2
  Use: Scroll            |     1 |       |    16 ||    17
  Eat: Chunk             |     2 |     6 |    14 ||    22
Armor: Leather armour    |    42 |     2 |       ||    44
       Scale mail        |       |    93 |   222 ||   315
Dodge: Dodged            |   147 |   162 |   387 ||   696
       Rpst.: Falchion   |       |       |   114 ||   114
